 Dungeon Crawl Stone Soup version 0.31-a0-700-gf13585253f (webtiles) character file.

Game seed: 3825587471711977036

4 lunkers the Ruffian (level 1, 0/16 HPs)
             Began as a Meteoran Shapeshifter on Sept 7, 2023.
             Slain by a quokka (2 damage)
             ... on level 1 of the Dungeon.
             The game lasted 00:00:06 (23 turns).

lunkers the Ruffian (Meteoran Shapeshifter)           Turns: 23, Time: 00:00:07

Health: 0/16       AC:  2    Str: 15    XL:     1   Next: 85%
Magic:  2/2        EV: 12    Int: 11    God:
Gold:   9          SH:  0    Dex: 13    Spells: 0/0 levels left

rFire   . .          .
                       - Unarmed
rCold   . . .        (no shield)
rNeg    . . .        a - +0 animal skin
rPois   .            (helmet currently unavailable)
rElec   .            (cloak currently unavailable)
rCorr   .            (gloves currently unavailable)
SInv    .            (boots currently unavailable)
Will    .....        (no amulet)
Stlth   +            (no ring)
HPRegen 0.22/turn    (no ring)
MPRegen 0.08/turn

%: no passive effects
@: beast-form, glowing
A: beast (slay +2), sense surroundings 1, otherworldly, glowing, explore regen
a: Begin Untransformation


You were on level 1 of the Dungeon.
You were a hulking beast.
You visited 1 branch of the dungeon, and saw 1 of its levels.

You collected 9 gold pieces.

Inventory:

Armour
 a - a +0 animal skin (worn)
Talismans
 c - a beast talisman (active)
 d - a flux talisman
Potions
 b - a potion of lignification


   Skills:
 - Level 1.1 Fighting
 - Level 2.1 Dodging
 * Level 3.9 Unarmed Combat
 + Level 3.7 Shapeshifting


You couldn't memorise any spells.
You didn't know any spells.
Your spell library was empty.

Dungeon Overview and Level Annotations

Branches:
Dungeon (1/15) Zot: 576

Altars:


Innate Abilities, Weirdness & Mutations

You are a hulking beast.
Your limbs bulge with bestial killing power. (Slay +2)
You passively map a small area around you.
You are easily found by Zot.
You glow in the dark.
You regain HP and MP as you explore.


Message History

You punch the goblin!
You kill the goblin!
The hobgoblin barely misses you.
There are monsters nearby!
There are monsters nearby!
You barely miss the hobgoblin. The hobgoblin hits you.
You hit the hobgoblin.
The hobgoblin is moderately wounded.
The hobgoblin barely misses you.
You punch the hobgoblin!
You kill the hobgoblin!
The giant cockroach closely misses you.
You miss the quokka. You punch the quokka.
The quokka is moderately wounded.
The quokka barely misses you. The giant cockroach closely misses you.
You closely miss the quokka.
The quokka is moderately wounded.
The quokka bites you. The giant cockroach misses you.
You closely miss the quokka.
The quokka is moderately wounded.
The quokka barely misses you. The giant cockroach misses you.
You barely miss the quokka.
The quokka is moderately wounded.
The quokka bites you. The giant cockroach bites you.
You completely miss the quokka.
The quokka is moderately wounded.
The quokka bites you.
* * * LOW HITPOINT WARNING * * *
The giant cockroach bites you but does no damage.
You closely miss the quokka.
The quokka is moderately wounded.
The quokka bites you.
* * * LOW HITPOINT WARNING * * *
The giant cockroach bites you.
* * * LOW HITPOINT WARNING * * *
The quokka bites you but does no damage.
You hit the quokka.
The quokka is heavily wounded.
The giant cockroach closely misses you. The quokka bites you.
You die...

################
≈≈≈≈≈≈≈≈≈≈≈≈≈≈≈# *
≈≈≈≈≈.....≈≈≈≈≈# . ,
≈≈....~~~....≈≈#######..
≈...~~~.~~~...≈#........
≈..~~..<.~~~...)........
,
≈...~~~.~~~...≈#hr......
,
≈≈....~~~....≈≈##B..#...
≈≈≈≈≈.....≈≈≈≈≈#*...# ,
, ≈≈≈≈≈≈≈.≈≈≈≈≈≈≈#*...#
#######.########*.....,
, ...#* *...... ....
....... , ....... , *, ,


You could see a quokka and a giant cockroach.

Vanquished Creatures
  2 goblins (D:1)
  A hobgoblin (D:1)
3 creatures vanquished.

Notes
Turn   | Place    | Note
-------+----------+-------------------------------------------
     0 | D:1      | lunkers the Meteoran Shapeshifter began the quest for the
                  | Orb.
     0 | D:1      | Reached XP level 1. HP: 16/16 MP: 2/2
    23 | D:1      | Slain by a quokka

Illustrated notes

Levels and vault maps discovered:
D:1:      dpeg_arrival_shrine, layout_basic,
          hellmonk_ecumenical_altar_pennies_from_heaven

Action                     || total
---------------------------++-------
  Melee: Unarmed           ||    14
         Punch             ||     1
 Armour: Animal skin       ||    12
  Dodge: Dodged            ||     9

Table legend: (Time is in decaauts)
 A = Elapsed time spent in this place.
 B = Non-inter-level travel time spent in this place.
 C = Inter-level travel time spent in this place.
 D = Time resting spent in this place.
 E = Time spent auto-exploring this place.
 F = Levels seen in this place.
 G = Mean time per level.
                   A        B        C        D        E       F      G
               +--------+--------+--------+--------+--------+-----+--------+
         Total |     22 |     22 |      0 |      0 |      5 |   1 |   22.0 |
       Dungeon |     22 |     22 |      0 |      0 |      5 |   1 |   22.0 |
               +--------+--------+--------+--------+--------+-----+--------+

Top non-repeatable levels by time:
     D:1: 22 daAuts
